 Dungeon Crawl Stone Soup version 0.22-a0-429-g97ce8ef (webtiles) character file.

9 Gorglomux the Ducker (level 2, -18/16 HPs)
             Began as a Spriggan Berserker on May 25, 2018.
             Killed by the fiery rage of Trog (34 damage)
             ... on level 1 of the Dungeon.
             The game lasted 00:01:31 (684 turns).

Gorglomux the Ducker (Spriggan Berserker)            Turns: 684, Time: 00:01:32

Health: -18/16     AC:  2    Str: 13    XL:     2   Next: 3%
Magic:  3/3        EV: 19    Int:  8    God:
Gold:   11         SH:  0    Dex: 15    Spells: 1/1 levels left

rFire    . . .     SeeInvis +   a - +0 short sword
rCold    . . .     Gourm    .   (shield restricted)
rNeg     . . .     Faith    .   b - +0 animal skin
rPois    .         Spirit   .   (helmet restricted)
rElec    .         Reflect  .   (no cloak)
rCorr    .         Harm     .   (gloves unavailable)
MR       .....                  (boots unavailable)
Stlth    ++........             (no amulet)
HPRegen  0.05/turn              (no ring)
MPRegen  0.08/turn              (no ring)

@: very quick
A: very small, unfitting armour, see invisible, herbivore, speed 3, slow
metabolism 2
a: no special abilities


You were on level 1 of the Dungeon.
You were not hungry.

You visited 1 branch of the dungeon, and saw 1 of its levels.

You collected 11 gold pieces.

Inventory:

Hand Weapons
 a - a +0 short sword (weapon)
Missiles
 h - 21 arrows
Armour
 b - a +0 animal skin (worn)
Scrolls
 d - a scroll of enchant weapon {unknown}
 f - a scroll of amnesia {unknown}
 g - 2 scrolls of teleportation {unknown}
 i - a scroll of identify {unknown}
 l - a scroll of noise {unknown}
Potions
 e - a potion of cancellation {unknown}
 j - 2 potions of curing {unknown}
 k - a potion of haste {unknown}
Comestibles
 c - 4 rations


   Skills:
 - Level 2.4 Fighting
 + Level 3.6 Short Blades
 - Level 4.4 Dodging
 + Level 1.9 Stealth


You had one spell level left.
You didn't know any spells.
Your spell library was empty.

Dungeon Overview and Level Annotations

Branches:
Dungeon (1/15)

Altars:


Innate Abilities, Weirdness & Mutations

You are very small and have problems with some larger weapons.
You are too small for most types of armour.
You have supernaturally acute eyesight. (SInv)
You are a herbivore.
You cover ground extremely quickly.
You need to consume almost no food.


Message History

An ooze is nearby!!!
An ooze is nearby!!!
An ooze is nearby!!!
The helpless ooze fails to defend itself!
You skewer the ooze like a kebab!!!
The ooze is almost dead!
The ooze barely misses you!
You perforate the ooze but do no damage!
The ooze is almost dead!
The ooze closely misses you!
You spit the butt like a pig!
Butt annihilate the ooze!!!
You have reached level 2!!!
There is a staircase leading out of the dungeon here!
You start waiting!
You feel Trog's fiery rage upon you!!!
There is a sudden and violent explosion of flames!!!
The fireball engulfs you!!!
DANG rip

###...###...# #.# #.
#.#...#.##.## #.# #.# #.....###.#
##.## #..##.....##..#####...##
#......................
#.....#........###...#.
##....###.(...#.###.....
##....#...#...........##.
##......#.@.#......####.##.
#..###.........###..###.##. ###
#.#..#..#...#..#..#........ ..#
#....#..#...#..#.....##.### #.#
#....#..##.##..#.....##.# #.#
#.#.#....#.#....#.#.###.#
##.####.........#.........###.#
.......######.................#
...###..............#.######..###


There were no monsters in sight!

Vanquished Creatures
  An ooze (D:1)
  A goblin (D:1)
  A kobold (D:1)
  A frilled lizard (D:1)
  A rat (D:1)
5 creatures vanquished.

Notes
Turn   | Place    | Note
-------+----------+-------------------------------------------
     0 | D:1      | Gorglomux the Spriggan Berserker began the quest for the Orb.
     0 | D:1      | Reached XP level 1. HP: 11/11 MP: 2/2
     3 | D:1      | Fell from the grace of Trog
   258 | D:1      | Reached skill level 1 in Stealth
   599 | D:1      | Reached XP level 2. HP: 16/16 MP: 3/3
   684 | D:1      | Killed by the fiery rage of Trog

Vault maps used:
D:1:      erik_arrival_blinker_ship

Skill      XL: |  1 |
---------------+----+-----
Stealth        | 1 |  1.9
Fighting       | |  2.4
Short Blades   | |  3.6
Dodging        | |  4.4

Action                   || total
-------------------------++-------
Melee: Short sword       ||    21
Invok: Renounce Religion ||     1
 Stab: Sleeping          ||     1
Dodge: Dodged            ||    14

Table legend:
 A = Spawn XP
 B = Non-spawn XP
 C = Spawn XP percentage of total XP
 D = Spawn monster count
 E = Non-spawn monster count
 F = Spawn count percentage of total count
 G = Total turns spent on level
                    A         B        C        D         E        F      G
               +---------+---------+-------+---------+---------+-------+---------
         Total |       0 |      13 |   0.0 |       0 |       5 |   0.0 |   684
               +---------+---------+-------+---------+---------+-------+---------
           D:1 |       0 |      13 |   0.0 |       0 |       5 |   0.0 |   684
               +---------+---------+-------+---------+---------+-------+---------
